 Dungeon Crawl Stone Soup version 0.17.0-18-gaab0e96 (webtiles) character file.

107 HungrySpirit the Insei (level 4, -1/28 HPs)
             Began as an Octopode Transmuter on Nov 11, 2015.
             Slain by an orc
             ... wielding a cursed -3 mace
              (4 damage)
             ... on level 3 of the Dungeon.
             The game lasted 00:04:51 (3663 turns).

HungrySpirit the Insei (Octopode Transmuter)        Turns: 3663, Time: 00:04:53

Health: -1/28      AC:  1    Str:  9    XL:     4   Next: 86%
Magic:  6/7        EV: 12    Int: 16    God:
Gold:   135        SH:  0    Dex: 12    Spells: 3 memorised, 1 level left

rFire  . . .     SeeInvis .       - Unarmed
rCold  . . .     Clarity  .     (no shield)
rNeg   . . .     SustAt   .     (helmet restricted)
rPois  .         Gourm    .     e - amulet of resist corrosion
rElec  .         Spirit   .     (no ring)
rCorr  +         Warding  .     (no ring)
rMut   .         Stasis   .     (no ring)
MR     .....                    (no ring)
Stlth  ++........               (no ring)
                                (no ring)
                                (no ring)
                                (no ring)

@: appendage, not resistant to hostile enchantments, unstealthy
A: almost no armour, amphibious, 8 rings, constrict 8, tentacle spike 3,
camouflage 1, gelatinous body 1
a: End Transformation


You were on level 3 of the Dungeon.
You were not hungry.
One of your tentacles had a temporary spike.
You visited 1 branch of the dungeon, and saw 3 of its levels.

You collected 135 gold pieces.

Inventory:

Missiles
 a - 12 arrows
Jewellery
 e - an amulet of resist corrosion (around mantle)
 h - an uncursed amulet of faith {unknown}
Scrolls
 d - 2 scrolls of random uselessness {unknown}
 f - 6 scrolls of identify {unknown}
 j - a scroll of enchant weapon {unknown}
 k - a scroll of enchant armour {unknown}
 l - a scroll of remove curse {unknown}
 r - a scroll of recharging {unknown}
 u - a scroll of fear {unknown}
 v - a scroll of fog {unknown}
Potions
 g - 2 potions of invisibility {unknown}
 n - a potion of magic {unknown}
 o - 3 potions of flight {unknown}
 p - a potion of cure mutation
 q - a potion of curing {unknown}
 t - a potion of cancellation {unknown}
Books
 b - a book of Changes

   Spells                             Type                      Level
   a - Beastly Appendage              Transmutation                1
   b - Sticks to Snakes               Transmutation                2
   c - Spider Form                    Transmutation/Poison         3
   d - Ice Form                       Ice/Transmutation            4
   e - Blade Hands                    Transmutation                5
Comestibles
 c - a bread ration
 i - 2 meat rations
 m - 2 chunks of flesh
 s - 4 fruits


   Skills:
 + Level 1.2 Fighting
 - Level 2.0 Dodging
 * Level 4.0 Unarmed Combat
 + Level 2.4 Spellcasting
 * Level 3.3 Transmutations
 - Level 1.2 Poison Magic


You had one spell level left.
You knew the following spells:

 Your Spells              Type           Power        Failure   Level  Hunger
a - Beastly Appendage     Trmt           ##....       8%          1    #......
b - Sticks to Snakes      Trmt           ##........   10%         2    ###....
c - Spider Form           Trmt/Pois      #.........   28%         3    ###....


Dungeon Overview and Level Annotations

Branches:
Dungeon (3/15)

Altars:
Kikubaaqudgha


Innate Abilities, Weirdness & Mutations

You cannot wear most types of armour.
You are amphibious.
You can wear up to eight rings at the same time.
You can use your tentacles to constrict eight enemies at once.
Your skin changes colour to match your surroundings (Stealth).
Your rubbery body absorbs attacks (AC +1).
One of your tentacles bears a large vicious spike.


Message History

The orc priest calls down the wrath of Beogh upon you.
Something smites you!
Ouch! That really hurt!
* * * LOW HITPOINT WARNING * * *
Drink which item? (? for menu, Esc to quit)
It was a potion of cure mutation.
It has a very clean taste.
You closely miss the orc priest. You grab the orc priest.
You squeeze the orc priest.
The orc priest is moderately wounded.
You constrict the orc priest. The orc priest closely misses you.
You tentacle-slap the orc priest.
The orc priest is heavily wounded.
You constrict the orc priest. You barely miss the orc priest.
The orc priest is heavily wounded.
You constrict the orc priest.
The orc priest hits you with a hand axe.
* * * LOW HITPOINT WARNING * * *
The orc hits you with a mace.
You die...

..................).##...#>
.#)..................#.....
.#.....................#.#
###.###<##.......).......##
##..##.......###†.†........
#..#....###.####.†........#
.....[..# #.# #............
.######.# #.###............
. #...#....(@.....####.
###.#.###oo.....# .#
#.......... . .#######.##
.. .. ... ... .. ... (...


You could see an orc priest and an orc.

Vanquished Creatures
  Robin (D:2)
  An adder (D:2)
  An ooze (D:1)
  A worm (D:2)
  A giant gecko (D:1)
  An orc (D:3)
  A ball python (D:2)
  7 giant cockroaches
  9 hobgoblins
  4 bats
  4 giant newts
  14 goblins
  11 jackals
  9 kobolds
  11 rats
76 creatures vanquished.

Notes
Turn   | Place    | Note
--------------------------------------------------------------
     0 | D:1      | HungrySpirit the Octopode Transmuter began the quest for the Orb.
     0 | D:1      | Reached XP level 1. HP: 13/13 MP: 3/3
   341 | D:1      | Reached XP level 2. HP: 9/18 MP: 5/5
   874 | D:1      | Reached XP level 3. HP: 12/23 MP: 6/6
  1611 | D:2      | Learned a level 2 spell: Sticks to Snakes
  1615 | D:2      | Learned a level 3 spell: Spider Form
  1698 | D:2      | Found a faded altar to an unknown god.
  2281 | D:2      | Reached XP level 4. HP: 23/28 MP: 5/7
  2461 | D:2      | Found an ancient bone altar of Kikubaaqudgha.
  2536 | D:2      | Noticed Robin
  2896 | D:2      | HP: 1/28 [jackal (3)]
  3339 | D:2      | Killed Robin
  3339 | D:2      | Reached skill level 1 in Poison Magic
  3574 | D:3      | Reached skill level 4 in Unarmed Combat
  3663 | D:3      | Slain by an orc

Action                   |  1- 3 |  4- 6 || total
-------------------------+-------+-------++-------
Melee: Unarmed           |   100 |    87 ||   187
 Cast: Beastly Appendage |     8 |     6 ||    14
  Use: Potion            |       |     1 ||     1
 Stab: Sleeping          |     2 |     2 ||     4
       Distracted        |       |     1 ||     1
  Eat: Chunk             |     4 |     5 ||     9
